cohdb
Replays
Latest Replays
All Replays
Popular Replays
Top Player Replays
Match Explorer
How It Works
Community
CoH3 Stats
Reddit
Sign in to upload your games and track your stats! →
Sign in with Steam
Match 41170453
Unlisted
Match 41170453
Overview
Messages
Build Orders
End
Construct Infanterie Kompanie
Selects Breakthrough Battlegroup
Selects Breakthrough Battlegroup
Selects Breakthrough Battlegroup
Selects Assault Grenadiers
Grenadier Squad
MG 42 Machine Gun Team
Grenadier Squad
Construct Panzergrenadier Kompanie
251 Medium Carrier
Selects 2.5-tonne Cargo Truck
2.5-tonne Cargo Truck
Pak 40 Anti-tank Gun Team
Construct Panzer Kompanie
Selects Blitzkrieg
Panzer IV Medium Tank
Stoßtruppen Squad
Panzer Officer Quarters
Pioneer Squad
Selects Panzer IV Command Tank Sd.Kfz. 161/1
Selects Smoke Bombing Run
Stoßtruppen Squad
Panzer IV Command Tank
水银灯
我真的不是驴
那谁_
bingbong
Be.Nice
QGD
corncobber5
KT6790
0
0
Comments
sign in to comment!
No comments posted yet!